 Dungeon Crawl Stone Soup version 0.21-a0-584-g185da8e (webtiles) character file.

21 sithsevirus the Skirmisher (level 2, -1/24 HPs)
             Began as a Demonspawn Abyssal Knight on Dec 21, 2017.
             Was a Follower of Lugonu.
             Slain by an adder (3 damage)
             ... on level 2 of the Dungeon.
             The game lasted 00:02:35 (1079 turns).

sithsevirus the Skirmisher (DsAK)                   Turns: 1079, Time: 00:02:36

Health: -1/24      AC:  3    Str: 12    XL:     2   Next: 65%
Magic:  4/4        EV: 11    Int: 13    God:    Lugonu [*.....]
Gold:   82         SH:  0    Dex: 12    Spells: 1/1 levels left

rFire    . . .     SeeInvis .   a - +1 spear
rCold    + . .     Gourm    .   (no shield)
rNeg     . . .     Faith    .   b - +0 leather armour
rPois    .         Spirit   .   (no helmet)
rElec    .         Reflect  .   (no cloak)
rCorr    .         Harm     .   (no gloves)
MR       .....                  (no boots)
Stlth    +.........             (no amulet)
HPRegen  0.08/turn              (no ring)
MPRegen  0.09/turn              (no ring)

@: hasted, very quick
A: cold resistance 1
a: Depart the Abyss, Renounce Religion


You were on level 2 of the Dungeon.
You worshipped Lugonu.
Lugonu was aware of your devotion.
You were hungry.

You visited 1 branch of the dungeon, and saw 2 of its levels.
You visited the Abyss 1 time.

You collected 82 gold pieces.

Inventory:

Hand Weapons
 a - a +1 spear (weapon)
Missiles
 d - 77 stones (quivered)
 f - 19 poisoned needles
Armour
 b - a +0 leather armour (worn)
Scrolls
 e - 2 scrolls of magic mapping {unknown}
 g - a scroll of fog {unknown}
 i - a scroll of teleportation {unknown}
 j - a scroll of blinking {unknown}
 k - 2 scrolls of enchant armour {unknown}
 n - a scroll of identify {unknown}
Potions
 h - a potion of flight {unknown}
 l - a potion of brilliance {unknown}
 m - a potion of haste
Comestibles
 c - 3 rations
 o - 3 chunks of flesh


   Skills:
 + Level 3.2 Fighting
 + Level 2.4 Polearms
 + Level 1.7 Armour
 + Level 0.8 Dodging
 + Level 0.8 Stealth
 + Level 2.7 Invocations


You had one spell level left.
You didn't know any spells.

Dungeon Overview and Level Annotations

Branches:
Dungeon (2/15)

Altars:


Innate Abilities, Weirdness & Mutations

Your flesh is cold resistant. (rC+)


Message History

An adder is nearby!
You are feeling hungry.
You puncture the adder!
The adder is severely wounded.
The adder bites you.
* * * LOW HITPOINT WARNING * * *
It was a potion of haste.
You feel yourself speed up. The adder closely misses you.
You hit the adder.
The adder is almost dead.
The adder closely misses you.
You closely miss the adder.
The adder is almost dead.
The adder closely misses you.
You miss the adder.
The adder is almost dead.
You barely miss the adder.
The adder is almost dead.
The adder bites you.
You die...

#..#.######.#######..#
..#.# ##.# ####
#.#.#####..#
.##.#..).##.##
..?..)##.#..######
.....###.........#
.....##..........#
.....##.#........#
......#.#....<.S@#
....)............#
#....##.##.......#
#....#.. #.......#
##...#. #)......# #.
#..........#
##########..# ..# ##


You could see an adder.

Vanquished Creatures
  A worm (D:2)
  A dart slug (D:1)
  A leopard gecko (D:1)
  A giant cockroach (D:1)
  2 goblins (D:1)
  4 hobgoblins
  A ball python (D:2)
  2 bats (D:1)
  2 kobolds (D:1)
15 creatures vanquished.

Notes
Turn   | Place    | Note
-------+----------+-------------------------------------------
     0 | Abyss:1  | sithsevirus the Demonspawn Abyssal Knight began the quest for the Orb.
     0 | Abyss:1  | Reached XP level 1. HP: 18/18 MP: 2/2
     0 | D:1      | Escaped the Abyss
   230 | D:1      | Reached * piety under Lugonu
   281 | D:1      | Gained mutation: Your flesh is cold resistant. (rC+) [demonic ancestry]
   281 | D:1      | Reached XP level 2. HP: 24/24 MP: 3/3
  1079 | D:2      | Slain by an adder

Vault maps used:
D:1:      elethiomel_arrival_shortcut, interstate_on_off, serial_bayou_pond_d
D:2:      grunt_temple_overflow_holy_war, first_ration, minmay_lizard_pond
Abyss:1:  hangedman_abyss_or_decor_jellyfish_corner

Skill      XL: |  1 |
---------------+----+-----
Polearms       | 2 |  2.4
Fighting       | |  3.2
Armour         | |  1.7
Dodging        | |  0.8
Stealth        | |  0.8
Invocations    | |  2.7

Action                   || total
-------------------------++-------
Melee: Spear             ||    68
Invok: Depart the Abyss  ||     1
  Use: Potion            ||     1
 Stab: Sleeping          ||     2
Armor: Leather armour    ||     8
Dodge: Dodged            ||    15

Table legend:
 A = Spawn XP
 B = Non-spawn XP
 C = Spawn XP percentage of total XP
 D = Spawn monster count
 E = Non-spawn monster count
 F = Spawn count percentage of total count
 G = Total turns spent on level
                    A         B        C        D         E        F      G
               +---------+---------+-------+---------+---------+-------+---------
         Total |       0 |      31 |   0.0 |       0 |      15 |   0.0 |  1079
               +---------+---------+-------+---------+---------+-------+---------
           D:1 |       0 |      23 |   0.0 |       0 |      12 |   0.0 |   974
           D:2 |       0 |       8 |   0.0 |       0 |       3 |   0.0 |   105
               +---------+---------+-------+---------+---------+-------+---------
